 Dungeon Crawl Stone Soup version 0.22.1-1-ga44c0e5 (webtiles) character file.

53 slphil the Sneak (level 3, 0/16 HPs)
             Began as a Spriggan Venom Mage on Nov 12, 2018.
             Slain by a bat (1 damage)
             ... on level 2 of the Dungeon.
             The game lasted 00:08:03 (1617 turns).

slphil the Sneak (Spriggan Venom Mage)              Turns: 1617, Time: 00:08:04

Health: 0/16       AC:  2    Str:  4    XL:     3   Next: 62%
Magic:  8/8        EV: 19    Int: 17    God:
Gold:   72         SH:  0    Dex: 16    Spells: 6/7 levels left

rFire    . . .     SeeInvis +   f - +0 dagger
rCold    . . .     Gourm    .   (shield restricted)
rNeg     . . .     Faith    .   a - +0 robe
rPois    +         Spirit   .   (helmet restricted)
rElec    .         Reflect  .   (no cloak)
rCorr    .         Harm     .   (gloves unavailable)
MR       .....                  (boots unavailable)
Stlth    +++.......             (no amulet)
HPRegen  0.05/turn              i - ring of poison resistance
MPRegen  0.11/turn              (no ring)

@: very quick
A: very small, unfitting armour, see invisible, herbivore, speed 3, slow
metabolism 2
a: no special abilities


You were on level 2 of the Dungeon.
You were not hungry.

You visited 1 branch of the dungeon, and saw 2 of its levels.

You collected 72 gold pieces.

Inventory:

Hand Weapons
 f - a +0 dagger (weapon)
Missiles
 b - 61 stones (quivered)
Armour
 a - a +0 robe (worn)
Jewellery
 i - a ring of poison resistance (left hand)
 n - an uncursed ring of wizardry {unknown}
Scrolls
 g - 6 scrolls of identify {unknown}
 j - a scroll of amnesia {unknown}
 k - a scroll of noise {unknown}
 m - a scroll of enchant armour {unknown}
 p - a scroll of enchant weapon {unknown}
 r - a scroll of immolation {unknown}
 s - a scroll of remove curse {unknown}
Potions
 d - a potion of curing {unknown}
 e - 3 potions of heal wounds {unknown}
 h - a potion of brilliance {unknown}
 l - a potion of might {unknown}
 o - a potion of lignification {unknown}
 q - a potion of berserk rage {unknown}
Comestibles
 c - 4 rations


   Skills:
 + Level 3.9 Dodging
 + Level 4.0 Stealth
 - Level 2.6 Spellcasting
 - Level 0.6 Conjurations
 * Level 3.9 Poison Magic


You had 6 spell levels left.
You knew the following spells:

 Your Spells              Type           Power        Failure   Level  Hunger
a - Sting                 Conj/Pois      ##..         7%          1    #......

Your spell library contained the following spells:

 Spells                   Type           Power        Failure   Level  Hunger
 Poisonous Vapours        Pois/Air       #.....       12%         2    ##.....
 Mephitic Cloud           Conj/Pois/Air  #.......     28%         3    ###....
 Olgreb's Toxic Radiance  Pois           ###.....     34%         4    #####..
 Venom Bolt               Conj/Pois      ##........   89%         5    ######.


Dungeon Overview and Level Annotations

Branches:
Dungeon (2/15)

Altars:
Elyvilon
Kikubaaqudgha


Innate Abilities, Weirdness & Mutations

You are very small and have problems with some larger weapons.
You are too small for most types of armour.
You have supernaturally acute eyesight. (SInv)
You are a herbivore.
You cover ground extremely quickly.
You need to consume almost no food.


Message History

The ooze is moderately wounded.
The ooze hits you.
You hit the ooze.
The ooze is moderately wounded.
The ooze closely misses you.
You hit the ooze.
The ooze is heavily wounded.
The ooze hits you.
You hit the ooze but do no damage.
The ooze is heavily wounded.
The ooze barely misses you.
You hit the ooze but do no damage.
The ooze is heavily wounded.
The ooze hits you.
* * * LOW HITPOINT WARNING * * *
The bat misses you. The bat hits you but does no damage. The bat misses you.
The bat hits you.
You die...

#.# #.....# #.#
##.. #.####.....#
..# #..
#..........# .##
#.. ######.....##.#
#.# #.....(..# #.#
###.####.# #.# #.#
..# #.# #.# ..##
#.# ##@####.###...
#.# #.b......#...#
#.. #..######.#..#
##. #..##### #..# .
#......# #..# ###.
#.####.####..###...
#.# #.....J.......
#.# ######.s###.##
#.# #...s..#


You could see a bat.

Vanquished Creatures
  An adder (D:2)
  3 dart slugs
  2 leopard geckos (D:2)
  A ball python (D:1)
  A giant cockroach (D:1)
  5 goblins
  4 hobgoblins
  4 jackals (D:1)
  A quokka (D:2)
  4 bats
  2 frilled lizards (D:2)
  2 kobolds (D:1)
  3 rats (D:2)
33 creatures vanquished.

Notes
Turn   | Place    | Note
-------+----------+-------------------------------------------
     0 | D:1      | slphil the Spriggan Venom Mage began the quest for the Orb.
     0 | D:1      | Reached XP level 1. HP: 9/9 MP: 5/5
   337 | D:1      | Reached XP level 2. HP: 5/13 MP: 2/6
  1042 | D:2      | Found a white marble altar of Elyvilon.
  1042 | D:2      | Found an ancient bone altar of Kikubaaqudgha.
  1077 | D:2      | Reached XP level 3. HP: 12/16 MP: 0/8
  1410 | D:2      | Reached skill level 4 in Stealth
  1617 | D:2      | Slain by a bat

Skill      XL: |  1  2  3 |
---------------+----------+-----
Stealth        | 4 |  4.0
Dodging        | |  3.9
Spellcasting   | |  2.6
Conjurations   | |  0.6
Poison Magic   | |  3.9

Action                   || total
-------------------------++-------
Melee: Dagger            ||    77
       Unarmed           ||     5
Throw: Stone             ||     2
 Cast: Sting             ||    59
 Stab: Sleeping          ||     2
Armor: Robe              ||    12
Dodge: Dodged            ||   100
